 Dungeon Crawl Stone Soup version 0.16-a0-3210-ge5ae1c3 (webtiles) character file.

6321 HAL9000 the Bludgeoner (level 10, -1/103 HPs)
             Began as an Ogre Hunter on Dec 18, 2014.
             Was a High Priest of Okawaru.
             Slain by a flying skull (10 damage)
             ... on level 1 of the Abyss on Dec 19, 2014.
             The game lasted 00:20:21 (12032 turns).

HAL9000 the Bludgeoner (Ogre Hunter)               Turns: 12032, Time: 00:20:21

Health: -1/103     AC:  5    Str: 20    XL:     10   Next: 95%
Magic:  10/10      EV: 10    Int: 10    God:    Okawaru [*****.]
Gold:   442        SH:  0    Dex: 12    Spells: 0 memorised, 9 levels left

rFire  + . .     SeeInvis .     c - +0 giant spiked club
rCold  x . .     Clarity  .     n - +1 robe {MR+}
rNeg   . . .     SustAb   .     (shield restricted)
rPois  .         Gourm    .     (helmet restricted)
rElec  .         Spirit   .     p - +0 cloak
rCorr  .         Warding  .     (gloves unavailable)
rMut   .         Stasis   .     (boots unavailable)
MR     ++...                    (no amulet)
Stlth  ++........               b - ring of stealth
                                k - ring of fire

@: non-regenerating, diseased, very resistant to hostile enchantments,
unstealthy
A: unfitting armour, deformed body, frail 1, shaggy fur 1, tough skin 1
a: Heroism, Finesse, Renounce Religion


You were on level 1 of the Abyss.
You worshipped Okawaru.
Okawaru was extremely pleased with you.
You were very hungry.

You visited 1 branch of the dungeon, and saw 8 of its levels.
You visited the Abyss 1 time.

You collected 442 gold pieces.

Inventory:

Hand weapons
 c - a +0 giant spiked club (weapon)
Missiles
 y - 2 javelins (quivered)
Armour
 n - a +1 robe of magic resistance (worn)
 p - a +0 cloak (worn)
Jewellery
 b - a ring of stealth (right hand)
 k - a ring of fire (left hand)
 q - an uncursed ring of magical power
Magical devices
 a - a wand of draining (0)
 d - a wand of flame (11)
 E - a wand of hasting (2)
Scrolls
 e - 2 scrolls of recharging
 u - 2 scrolls of fear
 w - a scroll of blinking
 C - a scroll of remove curse
Potions
 h - 3 potions of brilliance
 i - 2 potions of resistance
 j - a potion of flight {unknown}
 l - 2 potions of agility
 m - a potion of curing
 r - a potion of ambrosia
 t - a potion of restore abilities {unknown}
 v - a potion of might {unknown}
 A - a potion of beneficial mutation {unknown}
 D - a potion of heal wounds
 F - a potion of poison {unknown}
Books
 B - a book of Spatial Translocations

   Spells                             Type                      Level
   a - Apportation                    Translocation                1
   b - Blink                          Translocation                2
   c - Shroud of Golubria             Charms/Translocation         2
   d - Portal Projectile              Translocation                3
   e - Teleport Other                 Translocation                3
   f - Passage of Golubria            Translocation                4
Comestibles
 f - 3 meat rations
 g - 3 beef jerkies
 o - 3 bread rations
 s - 3 slices of pizza
 x - a fruit


   Skills:
 + Level 12.1 Fighting
 * Level 16.1 Maces & Flails
 - Level 4.3 Throwing
 - Level 1.7 Dodging
 - Level 0.7 Stealth


You had 9 spell levels left.
You didn't know any spells.

Dungeon Overview and Level Annotations

Branches:
Dungeon (8/15)             Temple (0/1) D:4
   Lair: D:8-11

Altars:
Ashenzari
Cheibriados
Okawaru
Qazlal
Ru
Trog
Yredelemnul
Zin
The Shining One

Shops:
D:5 (

Annotations:
D:8 Psyche


Innate Abilities, Weirdness & Mutations

You are too large for most types of armour.
You have tough skin (AC +1).
Armour fits poorly on your strangely shaped body.
You are frail (-10% HP).
You are covered in fur (AC +1).


Message History

There is an open door here.
You start resting. 3 flying skulls come into view.
The flying skull gives a hideous shriek!
The flying skull gives a hideous shriek!
You see here a shiny silver wand.
d - a wand of flame An ancient zyme comes into view.
You feel yourself growing ill in the presence of the ancient zyme.
The flying skull barely misses you.
The flying skull gives a hideous shriek!
The ancient zyme barely misses you. The ancient zyme hits you!
* * * LOW HITPOINT WARNING * * *
You feel ill. The flying skull hits you!
* * * LOW HITPOINT WARNING * * *
The flying skull hits you!
* * * LOW HITPOINT WARNING * * *
There is an open door here.
The flying skull hits you!
You die...

... #..z...# .. #..
#.... ... .
...##........ ..#.
##...#......#.....#.
.#.##...###.#....'.
#
#.'#....##..#....#.
#.#..#....#.#.#.
..#.
#...#....#...#....#.
#@zxz..#.###...##.
#..##z....#...(..#..
#... #...........# .
##.# ##.........##..
.# ##......###.?..
#. ######## ... # .


You could see an ancient zyme and 3 flying skulls.

Vanquished Creatures
  The ghost of Chiseanne the Thaumaturge, an experienced DsTm of Gozag (D:8)
  A worldbinder (Abyss:1)
  A large abomination (Abyss:1)
  An efreet (Abyss:1)
  A tormentor (Abyss:1)
  A small abomination (Abyss:1)
  A silent spectre (Abyss:1)
  Prince Ribbit (D:7)
  A ynoxinul (Abyss:1)
  A wyvern (D:8)
  A steam dragon (D:8)
  A chaos spawn (Abyss:1)
  3 yaks (D:6)
  A hungry ghost (D:7)
  A wraith (Abyss:1)
  A neqoxec (Abyss:1)
  A spatial vortex (Abyss:1)
  A sky beast (D:8)
  An orc warrior (D:8)
  A centaur (D:6)
  3 ogres
  An ice beast (D:8)
  Sigmund (D:7)
  3 giant frogs
  A gnoll sergeant (D:5)
  A scorpion (D:5)
  9 wights
  4 goliath beetles (D:7)
  5 hounds
  2 crimson imps
  A quasit (D:7)
  2 orc priests
  A jelly (D:7)
  3 orc wizards
  A gnoll shaman (D:6)
  3 worker ants
  2 iguanas
  A killer bee zombie (D:7)
  A hound zombie (D:7)
  16 gnolls
  A worker ant zombie (D:8)
  17 adders
  A giant mite (D:4)
  2 shadow imps
  5 worms
  An adder skeleton (D:4)
  An ooze (D:1)
  19 orcs
  2 bat skeletons (D:5)
  5 giant cockroaches
  7 goblins
  17 hobgoblins
  7 jackals
  11 kobolds
  2 quokkas
  A ball python (D:6)
  16 bats
  6 giant geckos
  A giant gecko skeleton (D:4)
  A giant gecko zombie (D:5)
  6 giant newts
  12 rats
224 creatures vanquished.

Vanquished Creatures (others)
  A large abomination (Abyss:1)
  2 small abominations (Abyss:1)
  4 starspawn tentacles (Abyss:1)
  174 starspawn tentacle segments (Abyss:1)
181 creatures vanquished.

Grand Total: 405 creatures vanquished

Notes
Turn   | Place    | Note
--------------------------------------------------------------
     0 | D:1      | HAL9000, the Ogre Hunter, began the quest for the Orb.
     0 | D:1      | Reached XP level 1. HP: 22/22 MP: 1/1
   229 | D:1      | Reached XP level 2. HP: 26/31 MP: 2/2
   243 | D:1      | Reached skill level 1 in Maces & Flails
  1092 | D:1      | Reached XP level 3. HP: 28/39 MP: 3/3
  1806 | D:2      | Reached XP level 4. HP: 43/48 MP: 4/4
  2921 | D:3      | Reached XP level 5. HP: 29/55 MP: 5/5
  3149 | D:3      | Reached skill level 5 in Maces & Flails
  3790 | D:4      | Found an iron altar of Okawaru.
  3814 | D:4      | Got a bloodstained mace
  3819 | D:4      | Became a worshipper of Warmaster Okawaru
  3821 | D:4      | Identified the +7 mace of the Nexus {crush, rF+} (You found it on level 4 of the Dungeon)
  3927 | D:4      | Reached skill level 5 in Fighting
  4092 | D:4      | Reached XP level 6. HP: 64/66 MP: 6/6
  4112 | D:4      | Reached skill level 6 in Maces & Flails
  5111 | D:4      | Found a staircase to the Ecumenical Temple.
  5376 | D:4      | Reached skill level 7 in Maces & Flails
  5525 | D:5      | Entered Level 5 of the Dungeon
  5574 | D:5      | Reached XP level 7. HP: 74/74 MP: 7/7
  5734 | D:5      | Found a bloodstained altar of Trog.
  5779 | D:5      | Found Qiewk's Antique Weapon Shoppe.
  6089 | D:5      | Found a basalt altar of Yredelemnul.
  6289 | D:5      | Reached skill level 8 in Maces & Flails
  6767 | D:6      | Noticed a yak
  6768 | D:6      | Noticed a yak
  6770 | D:6      | Noticed a yak
  6812 | D:6      | Killed a yak
  6812 | D:6      | Acquired Okawaru's first power
  6812 | D:6      | Reached skill level 9 in Maces & Flails
  6820 | D:6      | Killed a yak
  6820 | D:6      | Reached XP level 8. HP: 47/87 MP: 8/8
  6826 | D:6      | Killed a yak
  6826 | D:6      | Reached skill level 10 in Maces & Flails
  7267 | D:6      | Found a snail-covered altar of Cheibriados.
  7464 | D:6      | Reached skill level 11 in Maces & Flails
  7650 | D:7      | Reached XP level 9. HP: 54/97 MP: 9/9
  7829 | D:7      | Noticed Prince Ribbit
  8056 | D:7      | Noticed Sigmund
  8068 | D:7      | Killed Sigmund
  8312 | D:7      | Found a glowing silver altar of Zin.
  8394 | D:7      | Reached skill level 12 in Maces & Flails
  8953 | D:7      | Found a stormy altar of Qazlal.
  9644 | D:7      | Killed Prince Ribbit
  9644 | D:7      | Reached skill level 13 in Maces & Flails
  9973 | D:7      | Reached skill level 10 in Fighting
 10216 | D:8      | Found a shattered altar of Ashenzari.
 10218 | D:8      | Found a sacrificial altar of Ru.
 10257 | D:8      | Found a glowing golden altar of the Shining One.
 10309 | D:8      | Reached skill level 14 in Maces & Flails
 10309 | D:8      | Reached XP level 10. HP: 95/111 MP: 10/10
 10445 | D:8      | Noticed Chiseanne's ghost (experienced DsTm)
 10509 | D:8      | Killed Chiseanne's ghost
 10974 | D:8      | Noticed Psyche
 11314 | D:8      | Cast into the Abyss (Psyche)
 11406 | Abyss:1  | Reached skill level 15 in Maces & Flails
 11470 | Abyss:1  | Noticed a large abomination
 11484 | Abyss:1  | Gained mutation: Armour fits poorly on your strangely shaped body. [a neqoxec]
 11485 | Abyss:1  | Gained mutation: You are frail (-10% HP). [a neqoxec]
 11490 | Abyss:1  | Gained mutation: You are covered in fur (AC +1). [a neqoxec]
 11818 | Abyss:1  | Noticed a worldbinder
 11865 | Abyss:1  | Killed a large abomination
 11907 | Abyss:1  | Killed a worldbinder
 11914 | Abyss:1  | Reached skill level 16 in Maces & Flails
 11922 | Abyss:1  | Noticed a large abomination
 11935 | Abyss:1  | Acquired Okawaru's second power
 11964 | Abyss:1  | Noticed a cacodemon
 11978 | Abyss:1  | Noticed a tentacled starspawn
 11981 | Abyss:1  | Noticed a giant orange brain
 12032 | Abyss:1  | Slain by a flying skull

Action                   |  1- 3 |  4- 6 |  7- 9 | 10-12 || total
-------------------------+-------+-------+-------+-------++-------
Melee: Whip              |   171 |    58 |       |       ||   229
       Short sword       |     8 |       |       |       ||     8
       Morningstar       |       |    89 |       |       ||    89
       Mace              |       |    85 |   130 |       ||   215
       Giant spiked club |       |       |   162 |    91 ||   253
Throw: Large rock        |       |     8 |    24 |     6 ||    38
       Throwing net      |       |       |     2 |       ||     2
       Javelin           |       |       |     6 |     2 ||     8
Invok: Heroism           |       |       |       |     1 ||     1
  Use: Scroll            |     5 |     7 |     4 |     3 ||    19
       Potion            |       |       |       |     1 ||     1
 Stab: Sleeping          |       |       |     3 |     2 ||     5
       Distracted        |       |       |       |     1 ||     1
  Eat: Chunk             |     3 |     7 |    15 |     2 ||    27
       Meat ration       |       |     1 |       |       ||     1
       Fruit             |       |       |       |     3 ||     3
